 Dungeon Crawl Stone Soup version 0.29-a0-857-g9b1aa3ac5b (webtiles) character file.

Game seed: 10825047052462736464

126 jimonade the Magician (level 5, -12/37 HPs)
             Began as a Gnoll Hedge Wizard on July 17, 2022.
             Killed from afar by Natasha (13 damage)
             ... with a puff of flame
             ... on level 2 of the Dungeon.
             The game lasted 00:04:26 (3103 turns).

jimonade the Magician (Gnoll Hedge Wizard)          Turns: 3103, Time: 00:04:26

Health: -12/37     AC:  2    Str: 11    XL:     5   Next: 10%
Magic:  6/14       EV: 13    Int: 13    God:
Gold:   93         SH:  4    Dex: 12    Spells: 17/18 levels left

rFire   . . .      SeeInvis .   a - +0 dagger
rCold   . . .      Faith    .   g - +0 buckler
rNeg    . . .      Spirit   .   k - +0 robe
rPois   .          Reflect  .   c - +0 hat
rElec   .          Harm     .   (no cloak)
rCorr   .          Rampage  .   (no gloves)
Will    .....                   (no boots)
Stlth   +++.......              (no amulet)
HPRegen 0.12/turn               (no ring)
MPRegen 0.14/turn               (no ring)

@: slowed, very slow
A: fangs 1, strong nose, distributed training
a: no special abilities


You were on level 2 of the Dungeon.
You visited 1 branch of the dungeon, and saw 2 of its levels.

You collected 93 gold pieces.

Inventory:

Hand Weapons
 a - a +0 dagger (weapon)
 b - a +0 sling
 l - a +0 short sword
Armour
 c - a +0 hat (worn)
 f - a +0 kite shield
 g - a +0 buckler (worn)
 k - a +0 robe (worn)
Scrolls
 e - 2 scrolls of teleportation {unknown}
 h - 3 scrolls of magic mapping {unknown}
 m - a scroll of torment {unknown}
 n - a scroll of enchant weapon {unknown}
Potions
 d - a potion of magic
 i - 2 potions of curing {unknown}
 j - a potion of heal wounds {unknown}


   Skills:
 + Level 1.4 Fighting
 + Level 1.4 Short Blades
 + Level 1.4 Long Blades
 + Level 1.4 Axes
 + Level 1.4 Maces & Flails
 + Level 1.4 Polearms
 + Level 1.4 Staves
 + Level 1.4 Ranged Weapons
 + Level 1.4 Throwing
 + Level 1.4 Armour
 + Level 4.7 Dodging
 + Level 4.4 Stealth
 + Level 1.4 Shields
 + Level 1.4 Unarmed Combat
 + Level 7.3 Spellcasting
 + Level 2.3 Conjurations
 + Level 1.1 Hexes
 + Level 2.3 Summonings
 + Level 1.1 Necromancy
 + Level 2.3 Translocations
 + Level 1.1 Transmutations
 + Level 1.1 Fire Magic
 + Level 1.1 Ice Magic
 + Level 1.1 Air Magic
 + Level 1.1 Earth Magic
 + Level 1.1 Poison Magic
 + Level 1.6 Invocations
 + Level 1.4 Evocations


You had 17 spell levels left.
You knew the following spells:

 Your Spells              Type           Power      Damage    Failure   Level
a - Magic Dart            Conj           40%        1d5       8%          1

Your spell library contained the following spells:

 Spells                   Type           Power      Damage    Failure   Level
 Blink                    Tloc           20%        N/A       11%         2
 Call Imp                 Summ           10%        N/A       11%         2
 Searing Ray              Conj           20%        2d5       11%         2
 Slow                     Hex            28%        N/A       12%         1
 Conjure Flame            Conj/Fire      9%         6-21      28%         3
 Mephitic Cloud           Conj/Pois/Air  8%         N/A       30%         3
 Fulminant Prism          Conj/Hex       4%         3d6       67%         4


Dungeon Overview and Level Annotations

Branches:
Dungeon (2/15)

Altars:

Annotations:
D:2 Natasha


Innate Abilities, Weirdness & Mutations

You have very sharp teeth.
Your uncanny sense of smell can sniff out nearby items.
Your experience applies equally to all skills.


Message History

Natasha is heavily wounded.
The shadow imp hits you but does no damage.
Natasha stares at you and mumbles some strange words.
The magic dart hits you!
You hit Natasha.
Natasha is severely wounded.
The shadow imp closely misses you. Natasha claws you.
Aiming: Magic Dart (safe; 8% risk of failure)
Press: ? - help, Q - select action Shift-Dir - straight line, f/p - Natasha
Aim: Natasha (severely wounded, 100% to hit)
The magic dart hits Natasha.
Natasha is almost dead.
The shadow imp hits you. Natasha barely misses you.
Aiming: Magic Dart (safe; 8% risk of failure)
Press: ? - help, Q - select action Shift-Dir - straight line, f/p - Natasha
Aim: Natasha (almost dead, 100% to hit)
The magic dart hits Natasha.
You kill Natasha!
Natasha screams in pain as she dies!
The shadow imp disappears in a puff of smoke!
You have reached level 5!
Your magical contamination has completely faded away.
You start resting.
Natasha, Servant of Life and Death comes into view.
She is carrying a wand of flame (24).
Natasha zaps a wand.
The puff of flame hits you!
* * * LOW HITPOINT WARNING * * *
Natasha casts a spell at you.
You feel yourself slow down.
Natasha zaps a wand.
The puff of flame misses you. Natasha claws you.
* * * LOW HITPOINT WARNING * * *
Natasha zaps a wand.
The puff of flame hits you.
* * * LOW HITPOINT WARNING * * *
Natasha zaps a wand.
The puff of flame hits you.
* * * LOW HITPOINT WARNING * * *
Natasha mumbles some strange words.
You feel troubled. You block Natasha's attack.
Natasha attacks as you move away! You block Natasha's attack.
Natasha zaps a wand.
The puff of flame hits you!
You die...

#.........# ...#
#.........# #... # .#
# #.........# ## .#.#
) #.........# ...#
#.........# #..#
##.......##########..#
##......h........#..#
######..........#..# #
#@............# ##
#..........##.###.
#<.........##.....
#####..........##...##
#.....................
#..........#.##.###...
#..........#....# ###.
#..........###..## ##
#########...(....# #


You could see Natasha.

Vanquished Creatures
  Jessica (D:2)
  Natasha (D:2)
  2 adders (D:2)
  2 worms
  A dart slug (D:2)
  5 endoplasms
  A giant cockroach (D:1)
  3 goblins
  4 hobgoblins
  7 jackals (D:1)
  3 kobolds
  3 quokkas
  4 ball pythons
  4 bats
  6 frilled lizards
  2 rats
49 creatures vanquished.

Notes
Turn   | Place    | Note
-------+----------+-------------------------------------------
     0 | D:1      | jimonade the Gnoll Hedge Wizard began the quest for the
                  | Orb.
     0 | D:1      | Reached XP level 1. HP: 13/13 MP: 8/8
   609 | D:1      | Reached XP level 2. HP: 19/19 MP: 2/10
  1202 | D:1      | Reached XP level 3. HP: 25/25 MP: 6/11
  1759 | D:1      | Reached skill level 1 in Invocations
  2146 | D:2      | Reached skill level 1 in Fighting
  2146 | D:2      | Reached skill level 1 in Short Blades
  2146 | D:2      | Reached skill level 1 in Long Blades
  2146 | D:2      | Reached skill level 1 in Axes
  2146 | D:2      | Reached skill level 1 in Maces & Flails
  2146 | D:2      | Reached skill level 1 in Polearms
  2146 | D:2      | Reached skill level 1 in Staves
  2146 | D:2      | Reached skill level 1 in Ranged Weapons
  2146 | D:2      | Reached skill level 1 in Throwing
  2146 | D:2      | Reached skill level 1 in Armour
  2146 | D:2      | Reached skill level 1 in Shields
  2146 | D:2      | Reached skill level 1 in Unarmed Combat
  2146 | D:2      | Reached skill level 1 in Evocations
  2556 | D:2      | Noticed Jessica
  2583 | D:2      | Killed Jessica
  2584 | D:2      | Reached XP level 4. HP: 12/32 MP: 0/13
  2816 | D:2      | Reached skill level 1 in Hexes
  2816 | D:2      | Reached skill level 1 in Necromancy
  2816 | D:2      | Reached skill level 1 in Transmutations
  2816 | D:2      | Reached skill level 1 in Fire Magic
  2816 | D:2      | Reached skill level 1 in Ice Magic
  2816 | D:2      | Reached skill level 1 in Air Magic
  2816 | D:2      | Reached skill level 1 in Earth Magic
  2816 | D:2      | Reached skill level 1 in Poison Magic
  3058 | D:2      | Noticed Natasha
  3070 | D:2      | Killed Natasha
  3071 | D:2      | Reached XP level 5. HP: 18/37 MP: 1/14
  3095 | D:2      | Noticed Natasha
  3102 | D:2      | HP: 1/37 [Natasha/puff of flame (1)]
  3103 | D:2      | Killed from afar by Natasha

Illustrated notes

Levels and vault maps discovered:
D:1:      evilmike_arrival_plus, layout_basic
D:2:      layout_rooms, uniq_natasha, uniq_jessica, uniq_robin

Skill      XL: |  1  2  3  4 |
---------------+-------------+-----
Conjurations   | 2 |  2.3
Summonings     | 2 |  2.3
Translocations | 2 |  2.3
Invocations    | 1 |  1.6
Fighting       | 1 |  1.4
Short Blades   | 1 |  1.4
Long Blades    | 1 |  1.4
Axes           | 1 |  1.4
Maces & Flails | 1 |  1.4
Polearms       | 1 |  1.4
Staves         | 1 |  1.4
Ranged Weapons | 1 |  1.4
Throwing       | 1 |  1.4
Armour         | 1 |  1.4
Shields        | 1 |  1.4
Unarmed Combat | 1 |  1.4
Evocations     | 1 |  1.4
Hexes          | 1 |  1.1
Necromancy     | 1 |  1.1
Transmutations | 1 |  1.1
Fire Magic     | 1 |  1.1
Ice Magic      | 1 |  1.1
Air Magic      | 1 |  1.1
Earth Magic    | 1 |  1.1
Poison Magic   | 1 |  1.1
Dodging        | |  4.7
Stealth        | |  4.4
Spellcasting   | |  7.3

Action                   |  1- 3 |  4- 6 || total
-------------------------+-------+-------++-------
Melee: Dagger            |    31 |    11 ||    42
       Bite              |     3 |     1 ||     4
 Fire: Sling             |    11 |       ||    11
 Cast: Magic Dart        |    97 |    23 ||   120
Armor: Robe              |    12 |     3 ||    15
Dodge: Dodged            |    43 |    10 ||    53
Block: Buckler           |    10 |     3 ||    13

Table legend: (Time is in decaauts)
 A = Elapsed time spent in this place.
 B = Non-inter-level travel time spent in this place.
 C = Inter-level travel time spent in this place.
 D = Time resting spent in this place.
 E = Time spent auto-exploring this place.
 F = Levels seen in this place.
 G = Mean time per level.
                   A        B        C        D        E       F      G
               +--------+--------+--------+--------+--------+-----+--------+
         Total |   3112 |   3083 |     29 |   1107 |   1511 |   2 | 1556.0 |
       Dungeon |   3112 |   3083 |     29 |   1107 |   1511 |   2 | 1556.0 |
               +--------+--------+--------+--------+--------+-----+--------+

Top non-repeatable levels by time:
     D:1: 2071 daAuts
     D:2: 1041 daAuts
